 Dungeon Crawl Stone Soup version 0.18.1-48-g4cf74bf (webtiles) character file.

3495 Implojin the Cleaver (level 9, -5/82 HPs)
             Began as a Minotaur Fighter on July 23, 2016.
             Was an Elder of Okawaru.
             Slain by an unseen horror (6 damage)
             ... on level 10 of the Dungeon.
             The game lasted 00:13:04 (2028 turns).

Implojin the Cleaver (Minotaur Fighter)             Turns: 2028, Time: 00:13:05

Health: -5/82      AC:  8    Str: 23 (25) XL:     9   Next: 80%
Magic:  9/10       EV:  8    Int:  4 (5)  God:    Okawaru [****..]
Gold:   39         SH: 12    Dex: 14 (15) Spells: 0 memorised, 8 levels left

rFire  . . .     SeeInvis .     t - +1 broad axe
rCold  . . .     Gourm    .     r - +0 plate armour
rNeg   . . .     Faith    .     c - +0 shield
rPois  .         Spirit   .     (helmet restricted)
rElec  .         Dismiss  .     (no cloak)
rCorr  .         Reflect  .     (no gloves)
SustAt .         Harm     .     (no boots)
MR     .....                    (no amulet)
Stlth  ..........               x - +3 ring of strength
                                q - +3 ring of dexterity

@: heroism, very slightly contaminated, invisible, not resistant to hostile
enchantments, extremely unstealthy
A: retaliatory headbutt, horns 2, deformed body
a: Heroism, Renounce Religion


You were on level 10 of the Dungeon.
You worshipped Okawaru.
Okawaru was greatly pleased with you.
You were hungry.

You visited 2 branches of the dungeon, and saw 11 of its levels.

You collected 39 gold pieces.

Inventory:

Hand Weapons
 a - a +0 war axe
 m - a +2 flail of protection
 t - a +1 broad axe (weapon)
Missiles
 e - 10 javelins (quivered)
 k - 3 tomahawks
Armour
 b - a +0 scale mail
 c - a +0 shield (worn)
 d - a +0 ring mail
 n - a +0 chain mail
 r - a +0 plate armour (worn)
 E - a +2 cloak of magic resistance
Jewellery
 j - an uncursed amulet of rage {unknown}
 q - a +3 ring of dexterity (left hand)
 x - a +3 ring of strength (right hand)
Wands
 w - a wand of enslavement (16/24)
Scrolls
 h - a scroll of fear
 i - a scroll of random uselessness
Potions
 l - a potion of resistance
 o - 3 potions of curing
 D - a potion of cure mutation {unknown}
Comestibles
 f - 3 bread rations
 g - a royal jelly
 s - 3 meat rations
 B - 3 chunks of flesh
 C - a slice of pizza


   Skills:
 * Level 8.9(13.9) Fighting
 - Level 13.7(18.7) Axes
 - Level 3.6(8.6) Armour
 - Level 3.6(8.6) Shields
 - Level 3.2 Invocations


You had 8 spell levels left.
You didn't know any spells.

Dungeon Overview and Level Annotations

Branches:
Dungeon (10/15)            Temple (1/1) D:4
   Lair: D:8-11         Orc: D:9-12

Altars:
Gozag
Nemelex Xobeh
Okawaru
Pakellas
Qazlal
Ru
Sif Muna
Zin


Innate Abilities, Weirdness & Mutations

You reflexively headbutt those who attack you in melee.
You have a pair of horns on your head.
Armour fits poorly on your strangely shaped body.


Message History

Unknown command.
Something hits you but does no damage.
Drink which item? (? for menu, Esc to quit)
Okay, then.
Something hits you but does no damage. Something hits you!
* * * LOW HITPOINT WARNING * * *
The deep elf mage gestures at you while chanting.
The lance of force hits you!
* * * LOW HITPOINT WARNING * * *
You are knocked back by the lance of force.
You slam into the rock wall!
* * * LOW HITPOINT WARNING * * *
The battlesphere fires!
The barrage of energy hits you!
* * * LOW HITPOINT WARNING * * *
Drink which item? (? for menu, Esc to quit)
Okay, then.
Something hits you but does no damage. Something hits you but does no damage.
You block something's attack.
Read which item? (? for menu, Esc to quit)
Okay, then.
Drink which item? (? for menu, Esc to quit)
It was a potion of degeneration.
There was something very wrong with that liquid.
You feel weakened.
You feel dopey.
You feel clumsy. Something hits you.
* * * LOW HITPOINT WARNING * * *
Unknown command.
Unknown command.
Drink which item? (? for menu, Esc to quit)
It was a potion of invisibility.
You fade into invisibility!
Something hits you but does no damage.
You are very lightly contaminated with residual magic.
Drink which item? (? for menu, Esc to quit)
It was a potion of mutation.
You feel extremely strange.
You feel robust.
You feel frail.
Your body twists and deforms.
Something hits you.
You die...

##......#......#
#..........#
#......#####
##.....##
#...*e.###
##*..D...##
#e.###..o###
##.#####..D.###
#..@...###WF..#
#.##..Wt........#
#..
#..####.####..#
#.# #.#


.oW Y. #. .# ..W ## .# .ZF.) . ..8.. #....... You could see a deep elf mage, a
crocodile, a shadow and a battlesphere.

Vanquished Creatures
  Pikel (D:9)
  2 slime creatures (D:9)
  A shadow (D:9)
  2 yaks (D:9)
  Grum (D:9)
  A hippogriff (D:9)
  An orc warrior (D:7)
  A slave (D:9)
  A phantom (D:7)
  2 sky beasts
  4 wolves (D:9)
  2 centaurs
  2 big kobolds
  2 giant frogs
  5 scorpions
  A howler monkey (D:5)
  3 crimson imps
  3 orc priests
  A centaur skeleton (D:9)
  A gnoll shaman (D:6)
  2 orc wizards
  Ijyb (D:3)
  4 worker ants
  A killer bee zombie (D:5)
  A hound zombie (D:7)
  3 gnolls (D:10)
  A shadow imp (D:9)
  An adder skeleton (D:8)
  A worm (D:5)
  A dart slug (D:1)
  A giant gecko (D:7)
  16 orcs
  2 ball pythons
  A giant cockroach (D:1)
  4 goblins (D:1)
  3 hobgoblins
  4 jackals
  9 kobolds
  3 quokkas
  A bat (D:1)
  4 giant newts
  4 rats
105 creatures vanquished.

Notes
Turn   | Place    | Note
--------------------------------------------------------------
     0 | D:1      | Implojin the Minotaur Fighter began the quest for the Orb.
     0 | D:1      | Reached XP level 1. HP: 19/19 MP: 0/0
     6 | D:1      | Noticed a black bear
     6 | D:1      | Noticed a hog
     6 | D:1      | Noticed a black mamba
     6 | D:1      | Noticed an iguana
     6 | D:1      | Noticed a swamp worm
    63 | D:1      | Reached skill level 3 in Axes
    70 | D:1      | Reached XP level 2. HP: 24/26 MP: 1/1
   278 | D:2      | Found an opulent altar of Gozag.
   299 | D:3      | Reached skill level 4 in Axes
   305 | D:3      | Noticed Ijyb
   314 | D:3      | Killed Ijyb
   314 | D:3      | Reached XP level 3. HP: 30/31 MP: 2/2
   338 | D:3      | Reached skill level 5 in Axes
   348 | D:3      | Reached XP level 4. HP: 18/39 MP: 3/3
   421 | D:5      | Entered Level 5 of the Dungeon
   555 | D:6      | Found an oddly glowing altar of Pakellas.
   595 | D:5      | Found a sparkling altar of Nemelex Xobeh.
   632 | D:5      | Reached skill level 6 in Axes
   639 | D:5      | Reached XP level 5. HP: 34/45 MP: 4/4
   761 | D:6      | Reached skill level 7 in Axes
   870 | D:5      | Reached XP level 6. HP: 27/51 MP: 5/5
   976 | D:6      | Reached skill level 8 in Axes
  1153 | D:4      | Found a staircase to the Ecumenical Temple.
  1171 | Temple   | Entered the Ecumenical Temple
  1203 | Temple   | Became a worshipper of Warmaster Okawaru
  1343 | D:7      | Noticed an orc warrior
  1357 | D:7      | Reached skill level 9 in Axes
  1357 | D:7      | Reached XP level 7. HP: 57/57 MP: 6/6
  1393 | D:7      | Reached skill level 10 in Axes
  1457 | D:7      | Reached * piety under Okawaru
  1517 | D:8      | Reached skill level 11 in Axes
  1527 | D:9      | Reached XP level 8. HP: 46/64 MP: 7/7
  1548 | D:9      | Noticed Grum
  1561 | D:9      | Noticed a slime creature
  1573 | D:9      | Killed Grum
  1573 | D:9      | Reached skill level 2 in Invocations
  1574 | D:9      | Reached skill level 3 in Invocations
  1577 | D:9      | Killed a slime creature
  1577 | D:9      | Reached ** piety under Okawaru
  1577 | D:9      | Reached skill level 12 in Axes
  1656 | D:9      | Noticed Pikel
  1672 | D:9      | Killed Pikel
  1672 | D:9      | Reached *** piety under Okawaru
  1672 | D:9      | Reached skill level 13 in Axes
  1672 | D:9      | Reached XP level 9. HP: 45/70 MP: 8/10
  1699 | D:9      | Reached skill level 4 in Fighting
  1706 | D:9      | Found a stormy altar of Qazlal.
  1751 | D:9      | Reached skill level 5 in Fighting
  1766 | D:9      | Reached skill level 6 in Fighting
  1817 | D:9      | Reached skill level 7 in Fighting
  1884 | D:9      | Reached **** piety under Okawaru
  1898 | D:9      | Found a sacrificial altar of Ru.
  1910 | D:9      | Reached skill level 8 in Fighting
  1930 | D:10     | Entered Level 10 of the Dungeon
  2005 | D:10     | Noticed a four-headed hydra
  2005 | D:10     | Noticed a deep elf mage
  2006 | D:10     | Noticed a death knight
  2006 | D:10     | Noticed a griffon
  2006 | D:10     | Noticed an orc knight
  2006 | D:10     | Noticed a jumping spider
  2022 | D:10     | HP: 2/82 [battlesphere[a deep elf mage] (4)]
  2028 | D:10     | Gained mutation: You are robust (+10% HP). [potion of mutation]
  2028 | D:10     | Lost mutation: You are robust (+10% HP). [potion of mutation]
  2028 | D:10     | Gained mutation: Armour fits poorly on your strangely shaped body. [potion of mutation]
  2028 | D:10     | Slain by an unseen horror

Skill      XL: |  1  2  3  4  5  6  7  8  9 |
---------------+----------------------------+-----
Axes           | 3 4 5 6 7 9 11 13 | 13.7
Invocations    | 3 |  3.2
Fighting       | 8 |  8.9
Armour         | |  3.6
Shields        | |  3.6

Action                   |  1- 3 |  4- 6 |  7- 9 || total
-------------------------+-------+-------+-------++-------
Melee: War axe           |    53 |    86 |    40 ||   179
       Headbutt          |     7 |    15 |    51 ||    73
       Broad axe         |       |       |   141 ||   141
Throw: Javelin           |       |       |     1 ||     1
Invok: Heroism           |       |       |    12 ||    12
  Use: Potion            |     1 |     1 |     3 ||     5
       Scroll            |       |     8 |     4 ||    12
  Eat: Bread ration      |       |     1 |       ||     1
Armor: Scale mail        |    22 |     1 |       ||    23
       Chain mail        |       |    13 |       ||    13
       Plate armour      |       |    43 |    91 ||   134
       Skin              |       |     1 |    19 ||    20
Dodge: Dodged            |    11 |    13 |    34 ||    58
Block: Shield            |    40 |    43 |    91 ||   174

Table legend:
 A = Turns spent in this place as a percentage of turns spent in the entire game.
 B = Non-inter-level travel turns spent in this place as a percentage of non-inter-level travel turns spent in the entire game.
 C = Inter-level travel turns spent in this place as a percentage of turns spent in this place.
 D = Turns resting spent in this place as a percentage of non-inter-level travel turns spent in this place.
 E = Turns spent auto-exploring this place as a percentage of non-inter-level travel turns spent in this place.
 F = Non-inter-level travel turns spent in this place divided by the number of levels of this place that you've seen.
                   A       B       C       D       E      F
               +-------+-------+-------+-------+-------+----------------------
         Total | 100.0 | 100.0 |   0.0 |   0.1 |   0.0 | 195.3
       Dungeon |  97.1 |  97.1 |   0.0 |   0.1 |   0.0 | 208.5
        Temple |   2.9 |   2.9 |   0.0 |   0.0 |   0.0 |  63.0
               +-------+-------+-------+-------+-------+----------------------

Table legend:
 A = Kills in this place as a percentage of kills in entire the game.
 B = Kills by you in this place as a percentage of kills by you in the entire game.
 C = Kills by friends in this place as a percentage of kills by friends in the entire game.
 D = Other kills in this place as a percentage of other kills in the entire game.
 E = Experience gained in this place as a percentage of experience gained in the entire game.
 F = Experience gained in this place divided by the number of levels of this place that you have seen.
                   A       B       C       D       E      F
               +-------+-------+-------+-------+-------+----------------------
         Total | 100.0 | 100.0 |  -nan |  -nan | 100.0 | 453.9
       Dungeon | 100.0 | 100.0 |  -nan |  -nan | 100.0 | 499.3
               +-------+-------+-------+-------+-------+----------------------
